 Dungeon Crawl Stone Soup version 0.31-a0-115-g4708a659fe (webtiles) character file.

Game seed: 218652909166812798

51 Jeffwins the Digger (level 3, -1/18 HPs)
             Began as a Vine Stalker Wanderer on May 29, 2023.
             Slain by Crazy Yiuf
             ... wielding a +4 quarterstaff of chaos
              (7 damage)
             ... on level 2 of the Dungeon.
             The game lasted 00:02:31 (1422 turns).

Jeffwins the Digger (Vine Stalker Wanderer)         Turns: 1422, Time: 00:02:32

Health: -1/18      AC:  4    Str: 15    XL:     3   Next: 83%
Magic:  0/6        EV: 16    Int: 13    God:
Gold:   68         SH:  0    Dex: 13    Spells: 4/5 levels left

rFire   . . .        a - +0 short sword
rCold   . . .        (no shield)
rNeg    . . .        d - +0 leather armour
rPois   .            (no helmet)
rElec   .            e - scarf {+Inv}
rCorr   .            l - +0 pair of gloves
SInv    .            (no boots)
Will    .....        (no amulet)
Stlth   +            (no ring)
HPRegen 0.23/turn    (no ring)
MPRegen 0.10/turn

%: guardian spirit
@: agile, very slightly contaminated
A: fangs 2, magic shield, antimagic bite, no potion heal 2
a: Evoke Invisibility


You were on level 2 of the Dungeon.
You visited 1 branch of the dungeon, and saw 2 of its levels.

You collected 68 gold pieces.


Innate Abilities, Weirdness & Mutations

You have extremely sharp teeth.
When hurt, damage is shared between your health and your magic reserves.
Your bite disrupts and absorbs the magic of your enemies.
Potions cannot restore your health.


   Skills:
 + Level 2.1 Fighting
 * Level 2.4 Short Blades
 + Level 1.2 Stealth
 + Level 1.5 Spellcasting
 * Level 4.3 Earth Magic
 + Level 1.3 Evocations


You had 4 spell levels left.
You knew the following spells:

 Your Spells              Type           Power      Damage    Failure   Level
z - Sandblast             Erth           24%        2d8       5%          1

Your spell library contained the following spells:

 Spells                   Type           Power      Damage    Failure   Level
 Passwall                 Tmut/Erth      5%         N/A       21%         2
 Sublimation of Blood     Necr           0%         N/A       45%         2
 Wereblood                Tmut           0%         N/A       45%         2
 Inner Flame              Hex/Fire       0%         N/A       69%         3
 Tukima's Dance           Hex            0%         N/A       69%         3
 Petrify                  Tmut/Erth      6%         N/A       80%         4
 Passage of Golubria      Tloc           0%         N/A       97%         4
 Iskenderun's Battlesphe  Conj           0%         2d6       100%        5
 Yara's Violent Unravell  Hex/Tmut       0%         3d3       100%        5
 Leda's Unmaking          Conj/Erth      3%         9d1       100%        6
 Enfeeble                 Hex            0%         N/A       100%        7
 Spellforged Servitor     Conj/Summ      0%         N/A       100%        7
 Summon Hydra             Summ           0%         N/A       100%        7

Inventory:

Hand Weapons
 a - a +0 short sword (weapon)
 j - a +0 dagger
Missiles
 g - 15 poisoned darts
Armour
 d - a +0 leather armour (worn)
 e - a scarf of invisibility (worn)
 l - a +0 pair of gloves (worn)
Wands
 b - a wand of flame (5)
Scrolls
 f - a scroll of enchant armour {unknown}
 m - a scroll of amnesia {unknown}
Potions
 c - a potion of lignification {!q}
 h - a potion of attraction {unknown}
 i - 2 potions of brilliance {unknown}
 k - a potion of heal wounds {unknown}

Dungeon Overview and Level Annotations

Branches:
Dungeon (2/15)

Altars:

Annotations:
D:2 Crazy Yiuf

....# ....##########
.............#
..>.....###### ........#
........##♣♣♣♣♣
####....#...♣.♣♣♣ ▒▒▒
#.........♣..♣▒...▒ #
#........♣♣♣♣@g...▒ #
####.#..♣♣ ♣♣▒..)▒ #
#....##♣♣ ▒▒▒ ####.####
........# .......####
###.......##
##..#.#..).####
##.#.......)..##########


You could see Crazy Yiuf.


Message History

Casting: Sandblast (safe; 5% risk of failure)
Confirm with . or Enter, or press ? or * to list all spells.
Aiming: Sandblast (safe; 5% risk of failure)
Press: ? - help, Shift-Dir - straight line, f - Crazy Yiuf
Aim: Crazy Yiuf, wielding a +4 quarterstaff of chaos and wearing a +0 cloak (84% to hit)
You miscast Sandblast.
You are very lightly contaminated with residual magic.
Nothing appears to happen.
Crazy Yiuf closely misses you.
Casting: Sandblast (safe; 5% risk of failure)
Confirm with . or Enter, or press ? or * to list all spells.
Aiming: Sandblast (safe; 5% risk of failure)
Press: ? - help, Shift-Dir - straight line, f/p - Crazy Yiuf
Aim: Crazy Yiuf, wielding a +4 quarterstaff of chaos and wearing a +0 cloak (84% to hit)
The blast of sand hits Crazy Yiuf but does no damage.
Crazy Yiuf says, "Nubble mobile poople!"
Crazy Yiuf hits you with a +4 quarterstaff of chaos!
You feel agile all of a sudden.
Crazy Yiuf hits you with a +4 quarterstaff of chaos.
* * * LOW HITPOINT WARNING * * *
Crazy Yiuf burns you.
* * * LOW HITPOINT WARNING * * *
Casting: Sandblast (safe; 5% risk of failure)
Confirm with . or Enter, or press ? or * to list all spells.
Aiming: Sandblast (safe; 5% risk of failure)
Press: ? - help, Shift-Dir - straight line, f/p - Crazy Yiuf
Aim: Crazy Yiuf, wielding a +4 quarterstaff of chaos and wearing a +0 cloak (84% to hit)
The blast of sand hits Crazy Yiuf!
Crazy Yiuf is heavily wounded.
Crazy Yiuf hits you with a +4 quarterstaff of chaos!
You die...

Skill      XL: |  1  2 |
---------------+-------+-----
Short Blades   | 2 |  2.4
Fighting       | 2 |  2.1
Stealth        | 1 |  1.2
Spellcasting   | |  1.5
Earth Magic    | |  4.3
Evocations     | |  1.3

Action                     || total
---------------------------++-------
  Melee: Short sword       ||    86
         Bite              ||    24
         Punch             ||     3
   Cast: Sandblast         ||     6
   Stab: Sleeping          ||     3
 Armour: Leather armour    ||    16
  Dodge: Dodged            ||    32

Levels and vault maps discovered:
D:1:      onia_arrival_pentagram, layout_loops_ring
D:2:      layout_rooms, uniq_crazy_yiuf_cottage

Notes
Turn   | Place    | Note
-------+----------+-------------------------------------------
     0 | D:1      | Jeffwins the Vine Stalker Wanderer began the quest for the
                  | Orb.
     0 | D:1      | Jeffwins set off with the following items: a +0 short
                  | sword, a wand of flame (5), a potion of lignification {!q},
                  | a +0 leather armour; and the following spell memorised:
                  | Sandblast; and the following spells available to memorise:
                  | Passwall, Petrify.
     0 | D:1      | Reached XP level 1. HP: 11/11 MP: 3/3
    76 | D:1      | Reached XP level 2. HP: 6/15 MP: 0/4
   160 | D:1      | Reached skill level 2 in Short Blades
   245 | D:1      | Reached skill level 2 in Fighting
   245 | D:1      | Reached skill level 1 in Stealth
   245 | D:1      | Reached XP level 3. HP: 7/18 MP: 0/6
  1039 | D:2      | Found a runed translucent door.
  1040 | D:2      | Noticed Crazy Yiuf
  1422 | D:2      | Slain by Crazy Yiuf

Vanquished Creatures
  A gnoll (D:1)
  A worm (D:2)
  2 dart slugs
  4 ball pythons
  8 endoplasms
  2 goblins (D:2)
  4 hobgoblins (D:1)
  A quokka (D:2)
  2 bats
  2 frilled lizards (D:1)
  4 kobolds (D:1)
  2 rats
33 creatures vanquished.

Table legend: (Time is in decaauts)
 A = Elapsed time spent in this place.
 B = Non-inter-level travel time spent in this place.
 C = Inter-level travel time spent in this place.
 D = Time resting spent in this place.
 E = Time spent auto-exploring this place.
 F = Levels seen in this place.
 G = Mean time per level.
                   A        B        C        D        E       F      G
               +--------+--------+--------+--------+--------+-----+--------+
         Total |   1416 |   1392 |     24 |     28 |   1069 |   2 |  708.0 |
       Dungeon |   1416 |   1392 |     24 |     28 |   1069 |   2 |  708.0 |
               +--------+--------+--------+--------+--------+-----+--------+

Top non-repeatable levels by time:
     D:1: 788 daAuts
     D:2: 627 daAuts

Table legend:
 A = Non-vault XP
 B = Vault XP
 C = Vault XP percentage of total XP
 D = Non-vault monster count
 E = Vault monster count
 F = Vault count percentage of total count
                 A         B        C        D         E       F
            +---------+---------+-------+---------+---------+-------
      Total |      74 |       0 |   0.0 |      33 |       0 |   0.0
            +---------+---------+-------+---------+---------+-------
        D:1 |      49 |       0 |   0.0 |      21 |       0 |   0.0
        D:2 |      25 |       0 |   0.0 |      12 |       0 |   0.0
            +---------+---------+-------+---------+---------+-------
